[ AOE2 MATCH · #493556540 ]
Team RMChinese vs Turks
[ REPLAY ANALYSIS · EXTRACTED FROM THE RECORDED GAME ]
Feudal
13:25
Castle
17:10
Imperial
—
| APM avg | 40.9 |
| APM peak | 75 |
| eAPM avg | 24.9 |
| Villagers / military | 51 / 21 |
Focus
⚔️ 42.5% · 🌾 57.5%
Chu Ko Nu ×21 · Fishing Ship ×5
Feudal
13:34
Castle
17:45
Imperial
28:33
| APM avg | 33.2 |
| APM peak | 127 |
| eAPM avg | 19.9 |
| Villagers / military | 68 / 20 |
Focus
⚔️ 32.4% · 🌾 67.6%
Fishing Ship ×28 · Galley ×13 · Unknown (2626) ×5 · Longbowman ×5 · Monk ×2
Feudal
12:25
Castle
26:52
Imperial
—
| APM avg | 30.3 |
| APM peak | 70 |
| eAPM avg | 17.2 |
| Villagers / military | 34 / 1 |
Focus
⚔️ 39.3% · 🌾 60.7%
Unknown (2626) ×8 · Fishing Ship ×5 · Janissary ×1
Feudal
12:57
Castle
16:47
Imperial
—
| APM avg | 23.4 |
| APM peak | 49 |
| eAPM avg | 18.0 |
| Villagers / military | 72 / 9 |
Focus
⚔️ 33.1% · 🌾 66.9%
Unknown (2626) ×17 · Fishing Ship ×14 · Boyar ×6 · Fire Galley ×3
Match map
Initial resources + every placement click. Lines = walls · curves = elevation contours. ◆ gold · ⬟ stone · ● berries · ✦ relic · ◌ wall gap
Your base· ✓ Closed at 17:10 · 27t walls · no gate
Wouldn'tyouknow's base· Open — unwalled flank
JohnnyBoii6393's base· Open — 8t gap
[FORD]DarkHorse's base· Open — unwalled flank
Smoothed initial terrain · ◌ = detected wall gap · hover for details
Inputs per minute
— wEEBER - - Wouldn'tyouknow
Build order — wEEBER
138 actions detected in the replay
| 0:04 | Build | Town Center |
| 0:07 | Build | House |
| 2:22 | Research | Loom |
| 3:15 | Build | Dock |
| 3:38 | Create | Villager (Male) |
| 4:07 | Create | Villager (Male) |
| 4:26 | Create | Villager (Male) |
| 5:17 | Create | Villager (Male) |
| 5:28 | Create | Fishing Ship |
| 5:50 | Create | Villager (Male) |
| 6:08 | Create | Villager (Male) |
| 6:23 | Create | Villager (Male) |
| 6:30 | Create | Fishing Ship |
| 7:12 | Create | Fishing Ship |
| 7:24 | Create | Villager (Male) |
| 7:51 | Create | Villager (Male) |
| 8:06 | Build | Mill |
| 8:08 | Create | Villager (Male) |
| 8:18 | Create | Villager (Male) |
| 8:32 | Build | House |
| 8:43 | Create | Villager (Male) |
| 9:13 | Build | House |
| 9:20 | Create | Villager (Male) |
| 9:23 | Create | Fishing Ship |
| 9:27 | Build | House |
| 9:37 | Build | House |
| 9:43 | Create | Villager (Male) |
| 9:49 | Build | Mining Camp |
| 10:05 | Create | Villager (Male) |
| 10:11 | Build | Palisade Wall |
| 10:45 | Create | Villager (Male) |
| 11:15 | Research | Feudal Age |
| 11:15 | Research | Feudal Age |
| 11:36 | Build | Palisade Wall |
| 11:47 | Create | Villager (Male) |
| 13:25 | Age | Feudal Age |
| 13:27 | Build | Market |
| 13:32 | Build | Blacksmith |
| 13:33 | Build | House |
| 13:36 | Build | Palisade Wall |
| 13:49 | Create | Villager (Male) |
| 14:05 | Build | House |
| 14:06 | Build | Palisade Wall |
| 14:30 | Research | Castle Age |
| 14:30 | Research | Castle Age |
| 14:36 | Build | Mining Camp |
| 14:51 | Build | Palisade Wall |
| 15:32 | Create | Villager (Male) |
| 15:40 | Build | Lumber Camp |
| 15:42 | Create | Villager (Male) |
| 16:00 | Research | Fletching |
| 16:48 | Create | Villager (Male) |
| 17:01 | Build | Outpost |
| 17:10 | Age | Castle Age |
| 17:38 | Build | Castle |
| 17:40 | Build | House |
| 17:46 | Build | Palisade Wall |
| 17:49 | Build | Palisade Wall |
| 17:56 | Build | Palisade Wall |
| 17:57 | Build | Palisade Wall |
| 18:09 | Build | House |
| 18:23 | Create | Villager (Male) |
| 18:23 | Create | Villager (Male) |
| 18:29 | Research | Bodkin Arrow |
| 19:11 | Create | Chu Ko Nu |
| 19:12 | Create | Chu Ko Nu |
| 19:12 | Create | Chu Ko Nu |
| 19:24 | Build | Watch Tower |
| 19:40 | Build | House |
| 19:40 | Create | Villager (Male) |
| 19:45 | Create | Villager (Male) |
| 19:49 | Create | Chu Ko Nu |
| 19:51 | Create | Villager (Male) |
| 20:04 | Create | Chu Ko Nu |
| 20:41 | Create | Chu Ko Nu |
| 20:41 | Create | Chu Ko Nu |
| 20:58 | Create | Villager (Male) |
| 21:06 | Build | House |
| 21:14 | Create | Villager (Male) |
| 21:29 | Create | Villager (Male) |
| 21:38 | Build | Mill |
| 21:38 | Create | Villager (Male) |
| 21:44 | Build | Outpost |
| 21:49 | Create | Chu Ko Nu |
| 21:51 | Create | Chu Ko Nu |
| 21:54 | Create | Chu Ko Nu |
| 22:10 | Research | Double-Bit Axe |
| 22:10 | Research | Double-Bit Axe |
| 22:15 | Create | Villager (Male) |
| 22:18 | Create | Fishing Ship |
| 22:18 | Create | Villager (Male) |
| 22:29 | Create | Chu Ko Nu |
| 22:41 | Create | Villager (Male) |
| 22:43 | Create | Chu Ko Nu |
| 22:43 | Create | Chu Ko Nu |
| 23:28 | Create | Chu Ko Nu |
| 23:29 | Create | Chu Ko Nu |
| 23:38 | Build | Town Center |
| 24:00 | Create | Villager (Male) |
| 24:08 | Create | Villager (Male) |
| 24:54 | Create | Villager (Male) |
| 25:04 | Build | Farm |
| 25:04 | Build | Farm |
| 25:04 | Build | Farm |
| 25:04 | Build | Farm |
| 25:05 | Build | Farm |
| 25:05 | Build | Farm |
| 25:06 | Create | Villager (Male) |
| 25:13 | Create | Villager (Male) |
| 25:50 | Build | Town Center |
| 25:52 | Create | Villager (Male) |
| 26:17 | Build | Farm |
| 26:18 | Create | Villager (Male) |
| 26:20 | Build | Farm |
| 26:21 | Create | Chu Ko Nu |
| 26:21 | Create | Chu Ko Nu |
| 26:29 | Create | Chu Ko Nu |
| 26:31 | Build | Farm |
| 26:43 | Create | Villager (Male) |
| 26:56 | Create | Chu Ko Nu |
| 27:12 | Create | Villager (Male) |
| 27:50 | Create | Villager (Male) |
| 27:53 | Create | Chu Ko Nu |
| 27:53 | Create | Chu Ko Nu |
| 27:54 | Create | Villager (Male) |
| 27:56 | Create | Villager (Male) |
| 27:59 | Build | Farm |
| 27:59 | Build | Farm |
| 27:59 | Build | Farm |
| 27:59 | Build | Farm |
| 28:00 | Build | Farm |
| 28:13 | Create | Villager (Male) |
| 28:28 | Create | Villager (Male) |
| 28:31 | Create | Villager (Male) |
| 28:32 | Create | Villager (Male) |
| 28:44 | Create | Villager (Male) |
| 28:53 | Build | Siege Workshop |
| 28:54 | Create | Villager (Male) |
Build order — Wouldn'tyouknow
First 150 of 192 actions detected
| 0:24 | Build | Town Center |
| 0:45 | Build | Dock |
| 1:13 | Build | House |
| 2:33 | Create | Villager (Male) |
| 2:33 | Create | Villager (Male) |
| 2:33 | Create | Villager (Male) |
| 2:34 | Create | Villager (Male) |
| 2:34 | Create | Villager (Male) |
| 2:34 | Create | Villager (Male) |
| 3:31 | Create | Fishing Ship |
| 3:32 | Create | Fishing Ship |
| 3:55 | Build | House |
| 4:00 | Create | Villager (Male) |
| 4:00 | Create | Villager (Male) |
| 4:34 | Create | Villager (Male) |
| 4:50 | Create | Villager (Male) |
| 5:09 | Create | Fishing Ship |
| 5:09 | Create | Fishing Ship |
| 5:26 | Create | Villager (Male) |
| 5:26 | Create | Villager (Male) |
| 5:45 | Create | Fishing Ship |
| 5:45 | Create | Fishing Ship |
| 6:00 | Research | Loom |
| 6:13 | Build | House |
| 6:24 | Create | Villager (Male) |
| 6:37 | Create | Fishing Ship |
| 6:41 | Create | Fishing Ship |
| 7:01 | Create | Villager (Male) |
| 7:01 | Create | Villager (Male) |
| 7:02 | Create | Villager (Male) |
| 7:29 | Create | Fishing Ship |
| 7:34 | Create | Villager (Male) |
| 7:35 | Create | Villager (Male) |
| 7:40 | Build | House |
| 7:56 | Create | Villager (Male) |
| 7:56 | Create | Villager (Male) |
| 8:04 | Create | Fishing Ship |
| 8:16 | Create | Villager (Male) |
| 8:17 | Create | Villager (Male) |
| 8:30 | Create | Fishing Ship |
| 8:54 | Build | Dock |
| 8:58 | Create | Villager (Male) |
| 9:12 | Create | Villager (Male) |
| 9:14 | Build | House |
| 9:20 | Create | Fishing Ship |
| 9:41 | Create | Fishing Ship |
| 9:52 | Build | House |
| 10:00 | Create | Villager (Male) |
| 10:09 | Create | Fishing Ship |
| 10:09 | Create | Fishing Ship |
| 10:30 | Build | House |
| 10:34 | Create | Villager (Male) |
| 10:50 | Build | Lumber Camp |
| 10:51 | Create | Villager (Male) |
| 11:00 | Build | House |
| 11:14 | Research | Feudal Age |
| 11:49 | Build | Mining Camp |
| 12:04 | Create | Villager (Male) |
| 12:04 | Create | Villager (Male) |
| 12:09 | Build | Mill |
| 13:26 | Build | House |
| 13:28 | Create | Villager (Male) |
| 13:28 | Create | Villager (Male) |
| 13:34 | Age | Feudal Age |
| 13:40 | Build | Market |
| 13:42 | Build | Blacksmith |
| 13:50 | Research | Double-Bit Axe |
| 14:25 | Build | Dock |
| 14:55 | Create | Unit 2626 |
| 15:00 | Create | Unit 2626 |
| 15:05 | Research | Castle Age |
| 15:06 | Research | Castle Age |
| 15:06 | Research | Castle Age |
| 15:27 | Create | Unit 2626 |
| 15:30 | Create | Unit 2626 |
| 15:43 | Create | Unit 2626 |
| 16:41 | Research | Forging |
| 17:15 | Create | Villager (Male) |
| 17:15 | Create | Villager (Male) |
| 17:15 | Create | Villager (Male) |
| 17:23 | Create | Fishing Ship |
| 17:23 | Create | Fishing Ship |
| 17:23 | Create | Fishing Ship |
| 17:42 | Research | Tech 906 |
| 17:45 | Age | Castle Age |
| 17:53 | Research | War Galley (upgrade) |
| 18:00 | Create | Villager (Male) |
| 18:01 | Create | Villager (Male) |
| 18:01 | Create | Villager (Male) |
| 18:10 | Build | Town Center |
| 18:13 | Build | Town Center |
| 18:46 | Create | Fishing Ship |
| 18:48 | Create | Fishing Ship |
| 18:50 | Create | Fishing Ship |
| 18:50 | Create | Fishing Ship |
| 18:54 | Build | Dock |
| 18:58 | Create | Villager (Male) |
| 18:58 | Create | Villager (Male) |
| 19:41 | Create | Villager (Male) |
| 19:41 | Create | Villager (Male) |
| 19:41 | Create | Villager (Male) |
| 19:42 | Create | Villager (Male) |
| 20:08 | Create | Villager (Male) |
| 20:08 | Create | Villager (Male) |
| 20:21 | Create | Villager (Male) |
| 20:22 | Create | Villager (Male) |
| 20:22 | Create | Villager (Male) |
| 20:24 | Create | Fishing Ship |
| 20:24 | Create | Fishing Ship |
| 20:26 | Create | Fishing Ship |
| 20:27 | Create | Fishing Ship |
| 20:35 | Create | Villager (Male) |
| 20:42 | Create | Villager (Male) |
| 20:43 | Create | Villager (Male) |
| 20:43 | Create | Villager (Male) |
| 20:43 | Create | Villager (Male) |
| 20:57 | Create | Villager (Male) |
| 20:57 | Create | Villager (Male) |
| 20:57 | Create | Villager (Male) |
| 21:02 | Build | House |
| 21:06 | Research | Wheelbarrow |
| 21:10 | Research | Town Watch |
| 21:11 | Create | Villager (Male) |
| 21:22 | Create | Villager (Male) |
| 21:22 | Create | Villager (Male) |
| 21:38 | Create | Villager (Male) |
| 21:39 | Create | Villager (Male) |
| 21:53 | Research | Gillnets |
| 21:53 | Research | Gillnets |
| 22:00 | Create | Fishing Ship |
| 22:00 | Create | Fishing Ship |
| 22:03 | Build | House |
| 22:03 | Build | House |
| 22:03 | Build | House |
| 22:04 | Build | House |
| 22:04 | Build | House |
| 22:04 | Build | House |
| 22:07 | Build | House |
| 22:07 | Build | House |
| 22:07 | Build | House |
| 22:08 | Build | House |
| 22:08 | Build | House |
| 22:08 | Build | House |
| 22:08 | Build | House |
| 22:16 | Research | Gold Mining |
| 22:29 | Research | Padded Archer Armor |
| 22:30 | Research | Fletching |
| 22:44 | Create | Villager (Male) |
| 22:44 | Create | Villager (Male) |
| 22:57 | Build | Monastery |
Build order — JohnnyBoii6393
81 actions detected in the replay
| 0:07 | Build | Town Center |
| 1:29 | Build | Dock |
| 1:59 | Build | House |
| 2:29 | Create | Villager (Male) |
| 2:29 | Create | Villager (Male) |
| 2:30 | Create | Villager (Male) |
| 2:30 | Create | Villager (Male) |
| 3:31 | Create | Fishing Ship |
| 3:56 | Research | Loom |
| 3:59 | Build | House |
| 4:28 | Create | Villager (Male) |
| 4:44 | Create | Villager (Male) |
| 5:10 | Create | Villager (Male) |
| 5:43 | Create | Villager (Male) |
| 5:56 | Create | Fishing Ship |
| 5:57 | Build | House |
| 6:05 | Create | Villager (Male) |
| 6:24 | Create | Fishing Ship |
| 6:38 | Create | Villager (Male) |
| 6:58 | Create | Villager (Male) |
| 7:45 | Create | Villager (Male) |
| 8:00 | Create | Villager (Male) |
| 8:00 | Create | Villager (Male) |
| 8:05 | Build | House |
| 8:06 | Create | Fishing Ship |
| 8:24 | Create | Villager (Male) |
| 9:03 | Build | Mining Camp |
| 9:21 | Create | Villager (Male) |
| 9:50 | Create | Villager (Male) |
| 10:04 | Build | House |
| 10:07 | Research | Feudal Age |
| 10:25 | Create | Villager (Male) |
| 10:46 | Create | Villager (Male) |
| 11:00 | Build | Dock |
| 12:09 | Build | House |
| 12:25 | Age | Feudal Age |
| 12:40 | Build | Mill |
| 12:49 | Build | Mill |
| 12:54 | Create | Unit 2626 |
| 12:55 | Create | Unit 2626 |
| 12:55 | Create | Unit 2626 |
| 13:03 | Create | Villager (Male) |
| 13:15 | Create | Villager (Male) |
| 13:40 | Create | Unit 2626 |
| 13:41 | Create | Villager (Male) |
| 14:13 | Create | Villager (Male) |
| 14:19 | Build | House |
| 14:30 | Build | House |
| 14:37 | Create | Villager (Male) |
| 15:03 | Create | Villager (Male) |
| 15:22 | Create | Villager (Male) |
| 15:29 | Build | Market |
| 15:33 | Create | Villager (Male) |
| 15:41 | Create | Unit 2626 |
| 15:58 | Build | Mining Camp |
| 16:01 | Create | Villager (Male) |
| 16:14 | Create | Villager (Male) |
| 16:38 | Create | Villager (Male) |
| 16:43 | Create | Unit 2626 |
| 16:43 | Create | Unit 2626 |
| 16:54 | Build | Lumber Camp |
| 17:21 | Create | Unit 2626 |
| 17:24 | Create | Villager (Male) |
| 17:25 | Research | Double-Bit Axe |
| 18:09 | Build | Watch Tower |
| 20:01 | Build | Lumber Camp |
| 20:13 | Build | Watch Tower |
| 20:53 | Build | Lumber Camp |
| 22:20 | Build | Town Center |
| 23:31 | Build | Blacksmith |
| 23:47 | Create | Villager (Male) |
| 23:58 | Research | Castle Age |
| 24:30 | Create | Villager (Male) |
| 25:14 | Research | Tech 906 |
| 25:15 | Create | Fishing Ship |
| 25:25 | Create | Villager (Male) |
| 26:52 | Age | Castle Age |
| 26:55 | Build | Castle |
| 26:56 | Build | Lumber Camp |
| 27:12 | Research | Town Watch |
| 28:34 | Create | Janissary |
Build order — [FORD]DarkHorse
First 150 of 154 actions detected
| 0:12 | Build | Town Center |
| 0:27 | Build | Dock |
| 0:29 | Build | House |
| 2:31 | Create | Villager (Male) |
| 2:31 | Create | Villager (Male) |
| 2:32 | Create | Villager (Male) |
| 2:32 | Create | Villager (Male) |
| 3:28 | Create | Villager (Male) |
| 3:35 | Create | Fishing Ship |
| 3:57 | Build | House |
| 4:37 | Create | Fishing Ship |
| 4:38 | Create | Fishing Ship |
| 4:50 | Research | Loom |
| 4:56 | Create | Villager (Male) |
| 4:56 | Create | Villager (Male) |
| 5:25 | Create | Villager (Male) |
| 5:25 | Create | Villager (Male) |
| 5:45 | Create | Villager (Male) |
| 5:51 | Create | Fishing Ship |
| 5:52 | Create | Fishing Ship |
| 6:09 | Build | House |
| 6:11 | Create | Villager (Male) |
| 6:11 | Create | Villager (Male) |
| 6:26 | Create | Villager (Male) |
| 6:51 | Create | Fishing Ship |
| 7:05 | Create | Villager (Male) |
| 7:05 | Create | Villager (Male) |
| 7:05 | Create | Villager (Male) |
| 7:25 | Create | Villager (Male) |
| 7:25 | Create | Villager (Male) |
| 7:28 | Create | Villager (Male) |
| 7:28 | Create | Villager (Male) |
| 7:29 | Create | Fishing Ship |
| 7:36 | Build | House |
| 8:05 | Create | Villager (Male) |
| 8:06 | Create | Villager (Male) |
| 8:17 | Create | Villager (Male) |
| 8:17 | Create | Villager (Male) |
| 8:27 | Create | Fishing Ship |
| 8:27 | Create | Fishing Ship |
| 8:59 | Build | House |
| 9:04 | Create | Villager (Male) |
| 9:06 | Create | Fishing Ship |
| 9:06 | Create | Fishing Ship |
| 9:23 | Create | Villager (Male) |
| 9:23 | Create | Villager (Male) |
| 9:24 | Create | Villager (Male) |
| 9:40 | Create | Fishing Ship |
| 9:57 | Build | Mining Camp |
| 10:04 | Create | Villager (Male) |
| 10:30 | Create | Fishing Ship |
| 10:30 | Create | Fishing Ship |
| 10:40 | Build | House |
| 10:47 | Research | Feudal Age |
| 11:08 | Create | Villager (Male) |
| 11:09 | Create | Villager (Male) |
| 12:57 | Age | Feudal Age |
| 13:00 | Build | Stone Wall |
| 13:03 | Build | Mill |
| 13:07 | Build | Blacksmith |
| 13:10 | Create | Villager (Male) |
| 13:31 | Build | Market |
| 14:07 | Research | Castle Age |
| 14:07 | Research | Castle Age |
| 14:59 | Build | House |
| 15:15 | Create | Villager (Male) |
| 15:43 | Build | Dock |
| 16:07 | Create | Villager (Male) |
| 16:29 | Create | Villager (Male) |
| 16:42 | Create | Villager (Male) |
| 16:47 | Age | Castle Age |
| 16:49 | Build | Town Center |
| 16:54 | Build | Town Center |
| 16:59 | Build | Town Center |
| 17:04 | Create | Villager (Male) |
| 17:06 | Build | Lumber Camp |
| 17:12 | Build | House |
| 18:15 | Create | Villager (Male) |
| 18:15 | Create | Villager (Male) |
| 18:26 | Create | Villager (Male) |
| 18:26 | Create | Villager (Male) |
| 18:27 | Create | Villager (Male) |
| 18:27 | Create | Villager (Male) |
| 18:32 | Create | Villager (Male) |
| 19:13 | Create | Villager (Male) |
| 19:13 | Create | Villager (Male) |
| 19:35 | Create | Villager (Male) |
| 19:36 | Create | Villager (Male) |
| 19:37 | Create | Villager (Male) |
| 20:02 | Create | Villager (Male) |
| 20:02 | Create | Villager (Male) |
| 20:40 | Create | Villager (Male) |
| 20:41 | Create | Villager (Male) |
| 20:41 | Create | Villager (Male) |
| 20:55 | Build | Dock |
| 20:58 | Build | Dock |
| 21:20 | Research | War Galley (upgrade) |
| 21:25 | Create | Unit 2626 |
| 21:25 | Create | Unit 2626 |
| 21:25 | Create | Unit 2626 |
| 21:25 | Create | Unit 2626 |
| 21:26 | Create | Unit 2626 |
| 21:34 | Create | Unit 2626 |
| 21:34 | Create | Unit 2626 |
| 21:38 | Research | Forging |
| 21:41 | Build | University |
| 21:44 | Build | House |
| 21:44 | Build | House |
| 21:44 | Build | House |
| 21:49 | Create | Villager (Male) |
| 21:49 | Create | Villager (Male) |
| 21:49 | Create | Villager (Male) |
| 21:50 | Create | Villager (Male) |
| 22:10 | Create | Fire Galley |
| 22:10 | Create | Fire Galley |
| 22:10 | Create | Fire Galley |
| 22:13 | Build | House |
| 22:14 | Build | House |
| 22:14 | Build | House |
| 22:20 | Create | Unit 2626 |
| 22:21 | Create | Unit 2626 |
| 22:21 | Create | Unit 2626 |
| 22:29 | Create | Villager (Male) |
| 22:29 | Create | Villager (Male) |
| 22:59 | Research | Iron Casting |
| 23:13 | Build | Castle |
| 23:29 | Create | Unit 2626 |
| 23:29 | Create | Unit 2626 |
| 23:29 | Create | Unit 2626 |
| 23:59 | Create | Villager (Male) |
| 24:00 | Create | Boyar |
| 24:31 | Create | Villager (Male) |
| 24:31 | Create | Villager (Male) |
| 24:31 | Create | Villager (Male) |
| 24:58 | Create | Unit 2626 |
| 24:58 | Create | Unit 2626 |
| 24:58 | Create | Unit 2626 |
| 24:58 | Create | Unit 2626 |
| 25:22 | Create | Villager (Male) |
| 25:24 | Create | Villager (Male) |
| 25:24 | Create | Villager (Male) |
| 25:30 | Build | Lumber Camp |
| 25:59 | Create | Villager (Male) |
| 26:38 | Create | Boyar |
| 26:39 | Create | Boyar |
| 26:39 | Create | Boyar |
| 26:46 | Research | Double-Bit Axe |
| 27:11 | Create | Villager (Male) |
| 27:11 | Create | Villager (Male) |
| 27:11 | Create | Villager (Male) |
Match timeline
| 0:27 | [FORD]DarkHorse · first_building Dock |
| 0:45 | Wouldn'tyouknow · first_building Dock |
| 1:29 | JohnnyBoii6393 · first_building Dock |
| 3:15 | wEEBER · first_building Dock |
| 10:11 | wEEBER · wall_segment Palisade Wall x10 |
| 11:36 | wEEBER · wall_segment Palisade Wall x7 |
| 12:25 | JohnnyBoii6393 · age_up feudal |
| 12:57 | [FORD]DarkHorse · age_up feudal |
| 13:00 | [FORD]DarkHorse · wall_segment Stone Wall x1 |
| 13:25 | wEEBER · age_up feudal |
| 13:34 | Wouldn'tyouknow · age_up feudal |
| 13:36 | wEEBER · wall_segment Palisade Wall x3 |
| 14:06 | wEEBER · wall_segment Palisade Wall x1 |
| 14:51 | wEEBER · wall_segment Palisade Wall x7 |
| 16:47 | [FORD]DarkHorse · age_up castle |
| 16:50 | JohnnyBoii6393 · first_market_buy 100 wood |
| 17:10 | wEEBER · age_up castle |
| 17:38 | wEEBER · first_building Castle |
| 17:45 | Wouldn'tyouknow · age_up castle |
| 17:46 | wEEBER · wall_segment Palisade Wall x1 |
| 17:49 | wEEBER · wall_segment Palisade Wall x1 |
| 17:56 | wEEBER · wall_segment Palisade Wall x1 |
| 17:57 | wEEBER · wall_segment Palisade Wall x1 |
| 19:48 | wEEBER · first_market_sell 100 stone |
| 21:13 | wEEBER · first_market_buy 100 food |
| 21:57 | [FORD]DarkHorse · tribute_sent a jugador 1 |
| 21:57 | [FORD]DarkHorse · tribute_sent a jugador 2 |
| 21:57 | [FORD]DarkHorse · tribute_sent a jugador 3 |
| 22:57 | Wouldn'tyouknow · first_building Monastery |
| 23:13 | [FORD]DarkHorse · first_building Castle |
| 24:58 | JohnnyBoii6393 · first_market_sell 100 wood |
| 25:04 | Wouldn'tyouknow · first_market_buy 100 stone |
| 25:13 | Wouldn'tyouknow · first_building Castle |
| 26:36 | [FORD]DarkHorse · first_market_sell 100 stone |
| 26:37 | [FORD]DarkHorse · first_market_buy 100 food |
| 26:43 | Wouldn'tyouknow · first_market_sell 100 food |
| 26:52 | JohnnyBoii6393 · age_up castle |
| 26:55 | JohnnyBoii6393 · first_building Castle |
| 28:33 | Wouldn'tyouknow · age_up imperial |
| 28:49 | JohnnyBoii6393 · resign |
| 28:53 | wEEBER · first_building Siege Workshop |
[ AI ANALYSIS · 1 CREDIT ]
What really happened in this match?
Wolo.gg analyzes every decision: build order, eco, micro, common mistakes by bracket. Personalized analysis on WhatsApp or Discord in 30 seconds.
Civ guide
Chinese
Map guide
Nomad
Perfil
Jugador #2599284